 Dungeon Crawl Stone Soup version 0.22-a0-587-g7d32d7c (webtiles) character file.

294 Gildeon the Sneak (level 6, -22/30 HPs)
             Began as a Spriggan Conjurer on July 4, 2018.
             Was an Initiate of Sif Muna.
             Annihilated by an ogre
             ... wielding a +0 giant spiked club
              (29 damage)
             ... on level 4 of the Dungeon.
             The game lasted 00:27:50 (4817 turns).

Gildeon the Sneak (Spriggan Conjurer)               Turns: 4817, Time: 00:27:51

Health: -22/30     AC:  3    Str:  4    XL:     6   Next: 11%
Magic:  21/28      EV: 18    Int: 19    God:    Sif Muna [......]
Gold:   161        SH:  0    Dex: 16    Spells: 11/14 levels left

rFire    . . .     SeeInvis +   d - staff of power
rCold    . . .     Gourm    .   (shield currently unavailable)
rNeg     . . .     Faith    .   i - +1 robe
rPois    .         Spirit   .   (helmet restricted)
rElec    .         Reflect  .   (no cloak)
rCorr    .         Harm     .   (gloves unavailable)
MR       +....                  (boots unavailable)
Stlth    +++.......             (no amulet)
HPRegen  0.10/turn              (no ring)
MPRegen  0.21/turn              (no ring)

@: very slightly contaminated, very quick
A: very small, unfitting armour, see invisible, herbivore, speed 3, slow
metabolism 2
a: Renounce Religion


You were on level 4 of the Dungeon.
You worshipped Sif Muna.
Sif Muna was noncommittal.
You were not hungry.

You visited 1 branch of the dungeon, and saw 4 of its levels.

You collected 161 gold pieces.

Inventory:

Hand Weapons
 a - a +0 dagger
Missiles
 e - 28 poisoned needles
Armour
 i - a +1 robe (worn)
Magical Staves
 d - an uncursed staff of power (weapon)
 h - an uncursed staff of air
Wands
 b - a wand of random effects (5)
Scrolls
 f - 2 scrolls of amnesia {unknown}
 k - 2 scrolls of remove curse
 n - a scroll of fear {unknown}
 o - a scroll of enchant weapon {unknown}
Potions
 g - a potion of curing
 j - 4 potions of heal wounds {unknown}
 l - a potion of magic {unknown}
 m - a potion of invisibility {unknown}
Comestibles
 c - 8 rations


   Skills:
 - Level 1.0 Fighting
 - Level 2.0 Short Blades
 + Level 0.0 Throwing
 - Level 3.0 Dodging
 + Level 5.7 Stealth
 + Level 4.6 Spellcasting
 + Level 3.8 Conjurations
 - Level 1.0 Evocations


You had 11 spell levels left.
You knew the following spells:

 Your Spells              Type           Power        Failure   Level  Hunger
a - Magic Dart            Conj           ###.         2%          1    None
b - Searing Ray           Conj           ###...       4%          2    #......

Your spell library contained the following spells:

 Spells                   Type           Power        Failure   Level  Hunger
 Iskenderun's Mystic Bla  Conj           ###.....     26%         4    ####...
 Fulminant Prism          Conj/Hex       ##........   52%         4    ####...
 Dazzling Spray           Conj/Hex       ##....       19%         3    ###....
 Force Lance              Conj/Tloc      ##......     52%         4    ####...


Dungeon Overview and Level Annotations

Branches:
Dungeon (4/15)             Temple (0/1) D:4

Altars:
Kikubaaqudgha
Okawaru
Sif Muna
Xom

Annotations:
D:4 Eustachio


Innate Abilities, Weirdness & Mutations

You are very small and have problems with some larger weapons.
You are too small for most types of armour.
You have supernaturally acute eyesight. (SInv)
You are a herbivore.
You cover ground extremely quickly.
You need to consume almost no food.


Message History

Casting: Magic Dart (safe; 2% risk of failure)
Confirm with . or Enter, or press ? or * to list all spells.
Aiming: Magic Dart (safe; 2% risk of failure)
Press: ? - help, Shift-Dir - straight line, f/p - ogre
Aim: an ogre, wielding a giant spiked club (heavily wounded)
The magic dart hits the ogre.
The ogre is severely wounded.
Casting: Magic Dart (safe; 2% risk of failure)
Confirm with . or Enter, or press ? or * to list all spells.
Aiming: Magic Dart (safe; 2% risk of failure)
Press: ? - help, Shift-Dir - straight line, f/p - ogre
Aim: an ogre, wielding a giant spiked club (severely wounded)
The magic dart hits the ogre.
The ogre is severely wounded.
The ogre hits you with a giant spiked club!!
Ouch! That really hurt!
* * * LOW HITPOINT WARNING * * *
The ogre hits you with a giant spiked club!!
Ouch! That really hurt!
You die...

#.#
#.#.#
#.#.#
#.#.#
#.#.#
#.#.#
#o#.#
#.#.#
#.#@#
#.O.#
#####


You could see an ogre.

Vanquished Creatures
  A vampire bat (D:4)
  A howler monkey (D:4)
  A crimson imp (D:4)
  2 worker ants
  3 gnolls (D:2)
  3 adders
  An ooze (D:3)
  A dart slug (D:1)
  2 leopard geckos
  8 orcs
  2 bat skeletons (D:4)
  3 bat zombies (D:4)
  3 giant cockroaches
  4 hobgoblins
  5 jackals
  3 kobolds
  2 quokkas (D:2)
  6 bats
  8 frilled lizards
  5 goblins
  A jackal skeleton (D:4)
  3 rats
68 creatures vanquished.

Notes
Turn   | Place    | Note
-------+----------+-------------------------------------------
     0 | D:1      | Gildeon the Spriggan Conjurer began the quest for the Orb.
     0 | D:1      | Reached XP level 1. HP: 9/9 MP: 5/5
   374 | D:1      | Reached XP level 2. HP: 13/13 MP: 0/7
   930 | D:1      | Learned a level 2 spell: Searing Ray
  1608 | D:2      | Reached skill level 4 in Stealth
  1608 | D:2      | Reached XP level 3. HP: 16/16 MP: 2/8
  2278 | D:2      | Found an iron altar of Okawaru.
  2624 | D:2      | Reached skill level 1 in Short Blades
  2721 | D:2      | Reached XP level 4. HP: 16/21 MP: 0/10
  3267 | D:3      | Reached skill level 1 in Evocations
  3513 | D:3      | Found a deep blue altar of Sif Muna.
  3520 | D:3      | Became a worshipper of Sif Muna the Loreminder
  4080 | D:4      | Reached skill level 5 in Stealth
  4136 | D:4      | Reached XP level 5. HP: 25/25 MP: 0/12
  4284 | D:4      | Reached skill level 1 in Fighting
  4303 | D:4      | Noticed Eustachio
  4413 | D:4      | Found a shimmering altar of Xom.
  4616 | D:4      | Found an ancient bone altar of Kikubaaqudgha.
  4716 | D:4      | Reached XP level 6. HP: 30/30 MP: 13/13
  4771 | D:4      | Found a staircase to the Ecumenical Temple.
  4817 | D:4      | Annihilated by an ogre

Vault maps used:
D:1:      scummos_arrival_gate, hangedman_abyss_or_decor_lesser_grid
D:2:      old_standard_altar, minmay_fountain_box, minmay_quantized
D:3:      lemuel_round_altar, first_ration
D:4:      kennysheep_vampire_church, xom_teletrap_fun,
          minmay_temple_entry_purple_smoke, uniq_eustachio

Skill      XL: |  1  2  3  4  5 |
---------------+----------------+-----
Conjurations   | 3 |  3.8
Spellcasting   | 3 4 |  4.6
Stealth        | 4 5 |  5.7
Short Blades   | 1 2 |  2.0
Evocations     | 1 |  1.0
Fighting       | 1 |  1.0
Dodging        | |  3.0

Action                   |  1- 3 |  4- 6 || total
-------------------------+-------+-------++-------
Melee: Short sword       |    16 |       ||    16
       Dagger            |    28 |    17 ||    45
 Cast: Magic Dart        |   116 |   103 ||   219
       Searing Ray       |       |     1 ||     1
Evoke: Wand              |    12 |     9 ||    21
  Use: Scroll            |     1 |     5 ||     6
       Potion            |       |     1 ||     1
 Stab: Sleeping          |     7 |     2 ||     9
  Eat: Ration            |       |     1 ||     1
Armor: Robe              |    10 |    12 ||    22
Dodge: Dodged            |    48 |    84 ||   132

Table legend:
 A = Spawn XP
 B = Non-spawn XP
 C = Spawn XP percentage of total XP
 D = Spawn monster count
 E = Non-spawn monster count
 F = Spawn count percentage of total count
 G = Total turns spent on level
                    A         B        C        D         E        F      G
               +---------+---------+-------+---------+---------+-------+---------
         Total |       0 |     421 |   0.0 |       0 |      68 |   0.0 |  4817
               +---------+---------+-------+---------+---------+-------+---------
           D:1 |       0 |      29 |   0.0 |       0 |      18 |   0.0 |  1372
           D:2 |       0 |      80 |   0.0 |       0 |      23 |   0.0 |  1452
           D:3 |       0 |      82 |   0.0 |       0 |      12 |   0.0 |  1329
           D:4 |       0 |     230 |   0.0 |       0 |      15 |   0.0 |   664
               +---------+---------+-------+---------+---------+-------+---------
